PAAA
BLOOMINGTON LONGNECKS @ BAKERSFIELD NOBLES
06/05/2042
 
TOP OF THE 1ST
Bloomington Longnecks batting - Pitching for Bakersfield Nobles : RHP Carlos Vargas
Pitching: RHP Carlos Vargas
Batting: RHB Nelson Jaramillo 0-0: Ball
1-0: Called Strike
1-1: Ball
2-1: Ball
3-1: Called Strike
3-2: SINGLE (Groundball, 56D, EV 102.5 MPH)
Batting: LHB Vicente Gomillion 0-0: Swinging Strike
0-1: Ball
1-1: Called Strike
Nelson Jaramillo steals 2nd base
1-2: Foul Ball, location: 2F
1-2: 2-RUN HOME RUN (Flyball, 9D, EV 90.6 MPH), Distance : 363 ft
Batting: RHB Dylan Stavely 0-0: Ball
1-0: Foul Ball, location: 2F
1-1: Swinging Strike
1-2: Foul Ball, location: 2F
1-2: Strikes out swinging
Batting: LHB Surender Nada 0-0: Ball
1-0: Ball
2-0: Ball
3-0: Base on Balls
Batting: RHB Ignacio Páez 0-0: Called Strike
0-1: Ball
1-1: Swinging Strike
1-2: Ball
2-2: Strikes out looking
Batting: LHB Sherman Kline 0-0: Called Strike
0-1: Called Strike
0-2: Strikes out looking
Top of the 1st over - 2 runs, 2 hits, 0 errors, 1 left on base; Bloomington 2 - Bakersfield 0
BOTTOM OF THE 1ST
Bakersfield Nobles batting - Pitching for Bloomington Longnecks : RHP Cheung Wuying
Pitching: RHP Cheung Wuying
Batting: SHB Glyn Bolasky 0-0: Called Strike
0-1: Ball
1-1: SINGLE (Flyball, 7LS, EV 89.4 MPH)
Batting: LHB Roldão Cintra 0-0: Foul Ball, location: 2F
0-1: Ball
1-1: SINGLE (Line Drive, 56, EV 101.2 MPH)
Glyn Bolasky to second
Batting: SHB César Enríques 0-0: Ball
1-0: Foul Ball, location: 2F
1-1: Ball
2-1: Swinging Strike
2-2: SINGLE (Line Drive, 56D, EV 95.0 MPH)
Glyn Bolasky to third
Roldão Cintra to second
Batting: RHB Tyler Bowen 0-0: Called Strike
0-1: Ball
1-1: Called Strike
1-2: Ball
2-2: Strikes out swinging
Batting: RHB Domingo Reyes 0-0: Foul Ball, location: 2F
0-1: Swinging Strike
0-2: Foul Ball, location: 2F
0-2: Ball
1-2: Foul Ball, location: 2F
1-2: Foul Ball, location: 2F
1-2: Ball
2-2: Ball
3-2: Foul Ball, location: 2F
3-2: Base on Balls
Glyn Bolasky scores
Roldão Cintra to third
César Enríques to second
Batting: LHB Kevin de Bruyne 0-0: Called Strike
0-1: Ball
1-1: Grounds into fielders choice 1-2 (Groundball, 13, EV 86.2 MPH)
César Enríques to third
Domingo Reyes to second
Batting: RHB Frank Ray 0-0: Called Strike
0-1: Ball
1-1: Swinging Strike
1-2: Ball
2-2: Foul Ball, location: 2F
2-2: Ball
3-2: Strikes out swinging
Bottom of the 1st over - 1 run, 3 hits, 0 errors, 3 left on base; Bloomington 2 - Bakersfield 1
TOP OF THE 2ND
Bloomington Longnecks batting - Pitching for Bakersfield Nobles : RHP Carlos Vargas
Batting: RHB Dao-zi Zhan 0-0: Called Strike
0-1: Reached on error, E5 (Groundball, 5, EV 81.9 MPH)
Batting: LHB Craig Morgan 0-0: Called Strike
0-1: Ball
1-1: Swinging Strike
1-2: Strikes out swinging
Batting: RHB Orlando Velásquez 0-0: Ball
1-0: Ball
2-0: Swinging Strike
2-1: Called Strike
2-2: Strikes out swinging
Batting: RHB Nelson Jaramillo 0-0: Foul Ball, location: 2F
0-1: Ball
1-1: Swinging Strike
1-2: Ball
2-2: Foul Ball, location: 2F
2-2: SINGLE (Line Drive, 34D, EV 95.6 MPH)
Dao-zi Zhan to second
Runner from 2nd tries for 3rd, SAFE, throw by RF made to third
Batting: LHB Vicente Gomillion 0-0: Fly out, F8 (Flyball, 8LM, EV 74.4 MPH)
Top of the 2nd over - 0 runs, 1 hit, 1 error, 2 left on base; Bloomington 2 - Bakersfield 1
BOTTOM OF THE 2ND
Bakersfield Nobles batting - Pitching for Bloomington Longnecks : RHP Cheung Wuying
Batting: RHB Carlos Miranda 0-0: SINGLE (Flyball, 89M, EV 90.6 MPH)
Batting: RHB Corey Ollerton 0-0: Ball
1-0: Called Strike
1-1: Ball
2-1: Ball
3-1: Called Strike
3-2: Foul Ball, location: 2F
3-2: Strikes out looking
Carlos Miranda is caught stealing 2nd base 2-4
Batter strikes out.
Batting: SHB Glyn Bolasky 0-0: Foul Ball, location: 2F
0-1: Called Strike
0-2: Foul Ball, location: 2F
0-2: Foul Ball, location: 2F
0-2: Ball
1-2: Ball
2-2: Fly out, F9 (Flyball, 9, EV 97.5 MPH)
Bottom of the 2nd over - 0 runs, 1 hit, 0 errors, 0 left on base; Bloomington 2 - Bakersfield 1
TOP OF THE 3RD
Bloomington Longnecks batting - Pitching for Bakersfield Nobles : RHP Carlos Vargas
Batting: RHB Dylan Stavely 0-0: Called Strike
0-1: Ball
1-1: Called Strike
1-2: Fly out, F7 (Flyball, 78M, EV 90.6 MPH)
Batting: LHB Surender Nada 0-0: Ball
1-0: Called Strike
1-1: Foul Ball, location: 2F
1-2: Foul Ball, location: 2F
1-2: Foul Ball, location: 2F
1-2: Ball
2-2: Fly out, F7 (Flyball, 7LMF, EV 84.4 MPH)
Batting: RHB Ignacio Páez 0-0: Called Strike
0-1: Ball
1-1: Foul Ball, location: 2F
1-2: Strikes out looking
Top of the 3rd over - 0 runs, 0 hits, 0 errors, 0 left on base; Bloomington 2 - Bakersfield 1
BOTTOM OF THE 3RD
Bakersfield Nobles batting - Pitching for Bloomington Longnecks : RHP Cheung Wuying
Batting: LHB Roldão Cintra 0-0: Called Strike
0-1: Ball
1-1: Fly out, F8 (Flyball, 8RD, EV 103.1 MPH)
Batting: SHB César Enríques 0-0: SINGLE (Line Drive, 8RS, EV 104.4 MPH)
Batting: RHB Tyler Bowen 0-0: Ball
César Enríques steals 2nd base
1-0: Called Strike
1-1: Swinging Strike
1-2: Ball
2-2: Fly out, F4 (Popup, 4, EV 80.6 MPH)
Batting: RHB Domingo Reyes 0-0: Ball
1-0: Ball
2-0: Foul Ball, location: 2F
2-1: Fly out, F9 (Line Drive, 9, EV 90.6 MPH)
Bottom of the 3rd over - 0 runs, 1 hit, 0 errors, 1 left on base; Bloomington 2 - Bakersfield 1
TOP OF THE 4TH
Bloomington Longnecks batting - Pitching for Bakersfield Nobles : RHP Carlos Vargas
Batting: LHB Sherman Kline 0-0: Ground out 4-3 (Groundball, 4, EV 96.9 MPH)
Batting: RHB Dao-zi Zhan 0-0: Fly out, F9 (Flyball, 9LSF, EV 78.1 MPH)
Batting: LHB Craig Morgan 0-0: Called Strike
0-1: Ball
1-1: Foul Ball, location: 2F
1-2: Ball
2-2: Foul Ball, location: 2F
2-2: Ball
3-2: SINGLE (Line Drive, 9S, EV 99.4 MPH)
Batting: RHB Orlando Velásquez 0-0: Foul Ball, location: 2F
0-1: Foul Ball, location: 2F
0-2: Ball
1-2: Ball
2-2: Foul Ball, location: 2F
2-2: Fly out, F6 (Popup, P, EV 77.5 MPH)
Top of the 4th over - 0 runs, 1 hit, 0 errors, 1 left on base; Bloomington 2 - Bakersfield 1
BOTTOM OF THE 4TH
Bakersfield Nobles batting - Pitching for Bloomington Longnecks : RHP Cheung Wuying
Batting: LHB Kevin de Bruyne 0-0: Called Strike
0-1: Called Strike
0-2: SINGLE (Groundball, 6S, EV 91.2 MPH) (infield hit)
Batting: RHB Frank Ray 0-0: Ball
1-0: Fly out, F3 (Popup, 3F, EV 78.1 MPH)
Batting: RHB Carlos Miranda 0-0: Ball
1-0: Called Strike
1-1: SINGLE (Line Drive, 7S, EV 102.5 MPH)
Kevin de Bruyne to second
Batting: RHB Corey Ollerton 0-0: Called Strike
0-1: Ball
1-1: SINGLE (Groundball, 6MD, EV 96.9 MPH)
Kevin de Bruyne to third
Carlos Miranda to second
Runner from 3rd tries for Home, SAFE, throw by CF to home
Batting: SHB Glyn Bolasky 0-0: Called Strike
Carlos Miranda is caught stealing 3rd base 2-5
0-1: Foul Ball, location: 2F
0-2: Foul Ball, location: 2F
0-2: Ball
1-2: 2-RUN HOME RUN (Flyball, 89XD, EV 101.9 MPH), Distance : 393 ft
Batting: LHB Roldão Cintra 0-0: Ball
1-0: Swinging Strike
1-1: Ball
2-1: Called Strike
2-2: Fly out, F8 (Flyball, 8LM, EV 84.4 MPH)
Bottom of the 4th over - 3 runs, 4 hits, 0 errors, 0 left on base; Bloomington 2 - Bakersfield 4
TOP OF THE 5TH
Bloomington Longnecks batting - Pitching for Bakersfield Nobles : RHP Carlos Vargas
Batting: RHB Nelson Jaramillo 0-0: Ball
1-0: Ball
2-0: Ball
3-0: Called Strike
3-1: Foul Ball, location: 2F
3-2: Strikes out swinging
Batting: LHB Vicente Gomillion 0-0: Ball
1-0: Called Strike
1-1: Swinging Strike
1-2: Foul Ball, location: 2F
1-2: Ground out U3 (Groundball, 34S, EV 66.2 MPH)
Batting: RHB Dylan Stavely 0-0: Called Strike
0-1: Foul Ball, location: 2F
0-2: Ball
1-2: Strikes out swinging
Top of the 5th over - 0 runs, 0 hits, 0 errors, 0 left on base; Bloomington 2 - Bakersfield 4
BOTTOM OF THE 5TH
Bakersfield Nobles batting - Pitching for Bloomington Longnecks : RHP Cheung Wuying
Batting: SHB César Enríques 0-0: Ball
1-0: Ball
2-0: Foul Ball, location: 2F
2-1: Foul Ball, location: 2F
2-2: Ball
3-2: Foul Ball, location: 2F
3-2: Base on Balls
Batting: RHB Tyler Bowen 0-0: Ball
1-0: Ball
2-0: Ball
3-0: Called Strike
3-1: Fly out, F8 (Line Drive, 8RD, EV 86.9 MPH)
Batting: RHB Domingo Reyes 0-0: Ball
1-0: SINGLE (Line Drive, 8RS, EV 111.2 MPH)
César Enríques to second
César Enríques to third
Batting: LHB Kevin de Bruyne 0-0: SINGLE (Line Drive, 8RS, EV 108.8 MPH)
César Enríques scores
Domingo Reyes to second
Pitching: LHP Neal Burns
Batting: RHB Frank Ray 0-0: Called Strike
0-1: Foul Ball, location: 2F
0-2: Grounds into double play, 5-4-3 (Groundball, 56, EV 88.8 MPH)
Bottom of the 5th over - 1 run, 2 hits, 0 errors, 1 left on base; Bloomington 2 - Bakersfield 5
TOP OF THE 6TH
Bloomington Longnecks batting - Pitching for Bakersfield Nobles : RHP Carlos Vargas
Pitching: LHP Ming Zhai
Batting: LHB Surender Nada 0-0: Ball
1-0: Called Strike
1-1: Foul Ball, location: 2F
1-2: Strikes out looking
Batting: RHB Ignacio Páez 0-0: Ball
1-0: SOLO HOME RUN (Flyball, 78XD, EV 100.0 MPH), Distance : 425 ft
Batting: LHB Sherman Kline 0-0: Ground out U3 (Groundball, 3, EV 83.8 MPH)
Batting: RHB Dao-zi Zhan 0-0: Ball
1-0: Called Strike
1-1: Foul Ball, location: 2F
1-2: Fly out, F4 (Popup, 4S, EV 76.9 MPH)
Top of the 6th over - 1 run, 1 hit, 0 errors, 0 left on base; Bloomington 3 - Bakersfield 5
BOTTOM OF THE 6TH
Bakersfield Nobles batting - Pitching for Bloomington Longnecks : LHP Neal Burns
Batting: RHB Carlos Miranda 0-0: Ball
1-0: Ball
2-0: Called Strike
2-1: Ground out 5-3 (Groundball, 56, EV 104.4 MPH)
Batting: RHB Corey Ollerton 0-0: Foul Ball, location: 2F
0-1: Ball
1-1: Foul Ball, location: 2F
1-2: Ball
2-2: Ball
3-2: Strikes out swinging
Batting: SHB Glyn Bolasky 0-0: Ball
1-0: Called Strike
1-1: Foul Ball, location: 2F
1-2: Strikes out swinging
Bottom of the 6th over - 0 runs, 0 hits, 0 errors, 0 left on base; Bloomington 3 - Bakersfield 5
TOP OF THE 7TH
Bloomington Longnecks batting - Pitching for Bakersfield Nobles : LHP Ming Zhai
Batting: LHB Craig Morgan 0-0: Ball
1-0: Ball
2-0: Called Strike
2-1: Ball
3-1: Base on Balls
Batting: RHB Orlando Velásquez 0-0: Ball
1-0: Swinging Strike
1-1: Bunted foul
1-2: Foul Ball, location: 2F
1-2: Strikes out swinging
Batting: RHB Nelson Jaramillo 0-0: Foul Ball, location: 2F
0-1: Ball
1-1: Called Strike
1-2: Strikes out swinging
Pitching: RHP Jing-xiang Lingxin
Batting: LHB Vicente Gomillion 0-0: Swinging Strike
0-1: Called Strike
0-2: Strikes out swinging
Top of the 7th over - 0 runs, 0 hits, 0 errors, 1 left on base; Bloomington 3 - Bakersfield 5
BOTTOM OF THE 7TH
Bakersfield Nobles batting - Pitching for Bloomington Longnecks : LHP Neal Burns
Batting: LHB Roldão Cintra 0-0: Called Strike
0-1: Ground out 6-3 (Groundball, 6, EV 95.6 MPH)
Batting: SHB César Enríques 0-0: Ball
1-0: Called Strike
1-1: Ball
2-1: Called Strike
2-2: SINGLE (Flyball, 78M, EV 90.6 MPH)
Batting: RHB Tyler Bowen 0-0: Foul Ball, location: 2F
0-1: Swinging Strike
0-2: Ball
1-2: Ball
2-2: Ball
3-2: Strikes out swinging
Batting: RHB Domingo Reyes 0-0: Ball
1-0: Ball
2-0: Called Strike
2-1: SINGLE (Line Drive, 6D, EV 98.1 MPH)
César Enríques to second
Pitching: RHP Georges Cormier
Batting: LHB Kevin de Bruyne 0-0: Ball
1-0: Swinging Strike
1-1: Ball
2-1: Ball
3-1: Foul Ball, location: 2F
3-2: Foul Ball, location: 2F
3-2: Ground out U3 (Groundball, 3L, EV 83.8 MPH)
Bottom of the 7th over - 0 runs, 2 hits, 0 errors, 2 left on base; Bloomington 3 - Bakersfield 5
TOP OF THE 8TH
Bloomington Longnecks batting - Pitching for Bakersfield Nobles : RHP Jing-xiang Lingxin
Batting: RHB Dylan Stavely 0-0: SINGLE (Line Drive, 7S, EV 100.0 MPH)
Batting: LHB Surender Nada 0-0: Ball
1-0: Ball
2-0: Ball
3-0: Called Strike
3-1: Called Strike
3-2: Foul Ball, location: 2F
3-2: Strikes out swinging
Batting: RHB Ignacio Páez 0-0: Swinging Strike
0-1: Ball
1-1: Swinging Strike
1-2: Strikes out looking
Batting: LHB Sherman Kline 0-0: Called Strike
0-1: Swinging Strike
0-2: Ball
1-2: Ball
Wild Pitch!
Dylan Stavely to second
2-2: Strikes out swinging
Top of the 8th over - 0 runs, 1 hit, 0 errors, 1 left on base; Bloomington 3 - Bakersfield 5
BOTTOM OF THE 8TH
Bakersfield Nobles batting - Pitching for Bloomington Longnecks : RHP Georges Cormier
Pitching: RHP Reid Ross
Batting: RHB Frank Ray 0-0: Ball
1-0: Ball
2-0: Ball
3-0: Base on Balls
Batting: RHB Carlos Miranda 0-0: Ball
1-0: Bunted foul
1-1: Bunted foul
1-2: Ground out 5-3 (Groundball, 56S, EV 73.1 MPH)
Frank Ray to second
Batting: RHB Corey Ollerton 0-0: Called Strike
0-1: SINGLE (Groundball, 56D, EV 102.5 MPH)
Frank Ray to third
Runner from 3rd tries for Home, SAFE, no throw by LF
Batting: SHB Glyn Bolasky 0-0: Foul Ball, location: 2F
0-1: Foul Ball, location: 2F
0-2: Grounds into double play, 4-6-3 (Groundball, 4, EV 98.1 MPH)
Bottom of the 8th over - 1 run, 1 hit, 0 errors, 0 left on base; Bloomington 3 - Bakersfield 6
TOP OF THE 9TH
Bloomington Longnecks batting - Pitching for Bakersfield Nobles : RHP Jing-xiang Lingxin
Batting: RHB Dao-zi Zhan 0-0: Ball
1-0: Foul Ball, location: 2F
1-1: Foul Ball, location: 2F
1-2: SINGLE (Line Drive, 34D, EV 96.2 MPH)
Batting: LHB Craig Morgan 0-0: Ball
1-0: Ball
2-0: Called Strike
2-1: Swinging Strike
2-2: Foul Ball, location: 2F
2-2: Foul Ball, location: 2F
2-2: Foul Ball, location: 2F
2-2: Foul Ball, location: 2F
2-2: Strikes out swinging
Batting: RHB Orlando Velásquez 0-0: Called Strike
0-1: Ball
1-1: Foul Ball, location: 2F
1-2: Strikes out swinging
Batting: RHB Nelson Jaramillo 0-0: Foul Ball, location: 2F
0-1: Foul Ball, location: 2F
0-2: Ball
1-2: Ball
2-2: SINGLE (Groundball, 4MD, EV 101.9 MPH)
Dao-zi Zhan to second
Batting: LHB Vicente Gomillion 0-0: Ball
1-0: Foul Ball, location: 2F
1-1: Foul Ball, location: 2F
1-2: Ball
2-2: Foul Ball, location: 2F
2-2: Strikes out swinging
Top of the 9th over - 0 runs, 2 hits, 0 errors, 2 left on base; Bloomington 3 - Bakersfield 6
Friday, March 26th, 2021 - OOTP Baseball 20.8 Build 74